TOP OF THE 1ST |
Bluefield Blue Jays batting - Pitching for Pulaski Yankees : RHP Tim Berberich
|
Pitching: RHP Tim Berberich
|
|
Batting: LHB Jessie Stewart
|
0-0: Fly out, F7 (Flyball, 78S, EV 84.4 MPH)
|
Batting: RHB Mark Noftall
|
0-0: Ball 1-0: Foul Ball, location: 2F 1-1: Foul Ball, location: 2F 1-2: Strikes out swinging
|
Batting: SHB Toby Patenaude
|
0-0: Ball 1-0: Ball 2-0: Swinging Strike 2-1: Called Strike 2-2: Strikes out swinging
|
Top of the 1st over - 0 runs, 0 hits, 0 errors, 0 left on base; Bluefield 0 - Pulaski 0 |
BOTTOM OF THE 1ST |
Pulaski Yankees batting - Pitching for Bluefield Blue Jays : RHP Bradley Carriere
|
Pitching: RHP Bradley Carriere
|
|
Batting: RHB Jim O'Dwyer
|
0-0: Swinging Strike 0-1: Ball 1-1: Foul Ball, location: 2F 1-2: Foul Ball, location: 2F 1-2: Foul Ball, location: 2F 1-2: Fly out, F7 (Flyball, 78S, EV 96.2 MPH)
|
Batting: RHB Ken Stair
|
0-0: Ground out U3 (Groundball, 3L, EV 81.9 MPH)
|
Batting: RHB Paul Ngumi
|
0-0: Ball 1-0: Ground out 4-3 (Groundball, 4, EV 82.5 MPH)
|
Bottom of the 1st over - 0 runs, 0 hits, 0 errors, 0 left on base; Bluefield 0 - Pulaski 0 |
TOP OF THE 2ND |
Bluefield Blue Jays batting - Pitching for Pulaski Yankees : RHP Tim Berberich
|
Batting: RHB Brandon Williams
|
0-0: Foul Ball, location: 2F 0-1: Foul Ball, location: 2F 0-2: Ball 1-2: Strikes out looking
|
Batting: RHB Cedric Nicholls
|
0-0: Swinging Strike 0-1: Fly out, F4 (Line Drive, 4D, EV 73.1 MPH)
|
Batting: RHB Tom Bergman
|
0-0: Foul Ball, location: 2F 0-1: Foul Ball, location: 2F 0-2: Ball 1-2: Foul Ball, location: 2F 1-2: Strikes out swinging
|
Top of the 2nd over - 0 runs, 0 hits, 0 errors, 0 left on base; Bluefield 0 - Pulaski 0 |
BOTTOM OF THE 2ND |
Pulaski Yankees batting - Pitching for Bluefield Blue Jays : RHP Bradley Carriere
|
Batting: LHB Troy Jones
|
0-0: Called Strike 0-1: Ground out 4-3 (Groundball, 4, EV 84.4 MPH)
|
Batting: RHB Jonathan Feldstein
|
0-0: Called Strike 0-1: Swinging Strike 0-2: Strikes out swinging
|
Batting: RHB Bailey Hays
|
0-0: Foul Ball, location: 2F 0-1: Fly out, F8 (Line Drive, 89M, EV 91.2 MPH)
|
Bottom of the 2nd over - 0 runs, 0 hits, 0 errors, 0 left on base; Bluefield 0 - Pulaski 0 |
TOP OF THE 3RD |
Bluefield Blue Jays batting - Pitching for Pulaski Yankees : RHP Tim Berberich
|
Batting: LHB Edwin Esparza
|
0-0: SINGLE (Groundball, 15S, EV 66.2 MPH) (infield hit)
|
Batting: SHB Miguel Sano Jr.
|
0-0: Ball 1-0: Called Strike 1-1: Fly out, F7 (Flyball, 78S, EV 96.2 MPH)
|
Batting: RHB Jerry Perez
|
0-0: Foul Ball, location: 2F 0-1: Called Strike 0-2: Ball 1-2: Ball 2-2: Strikes out looking
|
Batting: LHB Jessie Stewart
|
0-0: Foul Ball, location: 2F 0-1: Ball 1-1: Swinging Strike 1-2: SINGLE (Flyball, 9LS, EV 93.8 MPH) Edwin Esparza to second Runner from 2nd tries for 3rd, OUT! 9-5
|
Top of the 3rd over - 0 runs, 2 hits, 0 errors, 1 left on base; Bluefield 0 - Pulaski 0 |
BOTTOM OF THE 3RD |
Pulaski Yankees batting - Pitching for Bluefield Blue Jays : RHP Bradley Carriere
|
Batting: RHB Scott Cuff
|
0-0: Ground out 4-3 (Groundball, 4, EV 106.9 MPH)
|
Batting: RHB Mustafa bin Gamali
|
0-0: Swinging Strike 0-1: Foul Ball, location: 2F 0-2: Strikes out swinging
|
Batting: RHB Juan Perez
|
0-0: Swinging Strike 0-1: Ball 1-1: Fly out, F8 (Flyball, 8LS, EV 86.9 MPH)
|
Bottom of the 3rd over - 0 runs, 0 hits, 0 errors, 0 left on base; Bluefield 0 - Pulaski 0 |
TOP OF THE 4TH |
Bluefield Blue Jays batting - Pitching for Pulaski Yankees : RHP Tim Berberich
|
Batting: RHB Mark Noftall
|
0-0: Called Strike 0-1: Foul Ball, location: 2F 0-2: Fly out, F5 (Line Drive, 56, EV 69.4 MPH)
|
Batting: SHB Toby Patenaude
|
0-0: Ball 1-0: Foul Ball, location: 2F 1-1: Ball 2-1: Called Strike 2-2: Foul Ball, location: 2F 2-2: Ground out 6-3 (Groundball, 4M, EV 88.1 MPH)
|
Batting: RHB Brandon Williams
|
0-0: Called Strike 0-1: Ball 1-1: Swinging Strike 1-2: Strikes out swinging, 2-3 out at first.
|
Top of the 4th over - 0 runs, 0 hits, 0 errors, 0 left on base; Bluefield 0 - Pulaski 0 |
BOTTOM OF THE 4TH |
Pulaski Yankees batting - Pitching for Bluefield Blue Jays : RHP Bradley Carriere
|
Batting: RHB Jim O'Dwyer
|
0-0: SINGLE (Flyball, 6MD, EV 92.5 MPH)
|
Batting: RHB Ken Stair
|
0-0: Foul Ball, location: 2F 0-1: Fly out, F9 (Flyball, 9LM, EV 89.4 MPH)
|
Batting: RHB Paul Ngumi
|
0-0: Ball 1-0: Ball 2-0: Foul Ball, location: 2F 2-1: Ball 3-1: Called Strike 3-2: Fielders Choice at 2nd, 5-4 (Groundball, 5, EV 86.2 MPH)
|
Batting: LHB Troy Jones
|
0-0: Foul Ball, location: 2F 0-1: Fly out, F8 (Line Drive, 8LM, EV 96.2 MPH)
|
Bottom of the 4th over - 0 runs, 1 hit, 0 errors, 1 left on base; Bluefield 0 - Pulaski 0 |
TOP OF THE 5TH |
Bluefield Blue Jays batting - Pitching for Pulaski Yankees : RHP Tim Berberich
|
Pitching: RHP Chris Bryant
|
|
Batting: RHB Cedric Nicholls
|
0-0: Called Strike 0-1: Foul Ball, location: 2F 0-2: Ball 1-2: Strikes out swinging
|
Batting: RHB Tom Bergman
|
0-0: Ball 1-0: Swinging Strike 1-1: Ball 2-1: Foul Ball, location: 2F 2-2: Foul Ball, location: 2F 2-2: Strikes out looking
|
Batting: LHB Edwin Esparza
|
0-0: Ball 1-0: Ball 2-0: Called Strike 2-1: Ground out 4-3 (Groundball, 34, EV 97.5 MPH)
|
Top of the 5th over - 0 runs, 0 hits, 0 errors, 0 left on base; Bluefield 0 - Pulaski 0 |
BOTTOM OF THE 5TH |
Pulaski Yankees batting - Pitching for Bluefield Blue Jays : RHP Bradley Carriere
|
Batting: RHB Jonathan Feldstein
|
0-0: Ball 1-0: Called Strike 1-1: Ball 2-1: Ball 3-1: Foul Ball, location: 2F 3-2: Base on Balls
|
Batting: RHB Bailey Hays
|
0-0: Ball 1-0: Swinging Strike 1-1: Called Strike 1-2: Fielders Choice at 2nd, 6-4 (Groundball, 6S, EV 90.0 MPH)
|
Batting: RHB Scott Cuff
|
0-0: Called Strike 0-1: Ball 1-1: Fly out, F8 (Flyball, 8RD, EV 100.0 MPH)
|
Batting: RHB Mustafa bin Gamali
|
0-0: Foul Ball, location: 2F 0-1: Fielders Choice at 2nd, 6-4 (Groundball, 6, EV 85.6 MPH)
|
Bottom of the 5th over - 0 runs, 0 hits, 0 errors, 1 left on base; Bluefield 0 - Pulaski 0 |
TOP OF THE 6TH |
Bluefield Blue Jays batting - Pitching for Pulaski Yankees : RHP Chris Bryant
|
Batting: SHB Miguel Sano Jr.
|
0-0: Called Strike 0-1: Swinging Strike 0-2: Fly out, F8 (Flyball, 89D, EV 87.5 MPH)
|
Batting: RHB Jerry Perez
|
0-0: Fly out, F8 (Flyball, 8RM, EV 99.4 MPH)
|
Batting: LHB Jessie Stewart
|
0-0: Ball 1-0: Swinging Strike 1-1: SOLO HOME RUN (Flyball, 89XD, EV 104.4 MPH), Distance : 404 ft
|
Batting: RHB Mark Noftall
|
0-0: Ball 1-0: Foul Ball, location: 2F 1-1: Foul Ball, location: 2F 1-2: Ball 2-2: Ball 3-2: Strikes out looking
|
Top of the 6th over - 1 run, 1 hit, 0 errors, 0 left on base; Bluefield 1 - Pulaski 0 |
BOTTOM OF THE 6TH |
Pulaski Yankees batting - Pitching for Bluefield Blue Jays : RHP Bradley Carriere
|
Batting: RHB Juan Perez
|
0-0: Foul Ball, location: 2F 0-1: Ball 1-1: SINGLE (Line Drive, 89S, EV 107.5 MPH)
|
Batting: RHB Jim O'Dwyer
|
0-0: Swinging Strike 0-1: Foul Ball, location: 2F 0-2: Strikes out looking
|
Batting: RHB Ken Stair
|
0-0: Called Strike 0-1: Ball 1-1: Ball 2-1: Called Strike 2-2: Ball Juan Perez steals 2nd base 3-2: Base on Balls
|
Batting: RHB Paul Ngumi
|
0-0: Swinging Strike 0-1: Ball 1-1: Swinging Strike 1-2: Foul Ball, location: 2F 1-2: Strikes out swinging
|
Batting: LHB Troy Jones
|
0-0: Called Strike 0-1: Called Strike 0-2: Ball 1-2: Strikes out swinging
|
Bottom of the 6th over - 0 runs, 1 hit, 0 errors, 2 left on base; Bluefield 1 - Pulaski 0 |
TOP OF THE 7TH |
Bluefield Blue Jays batting - Pitching for Pulaski Yankees : RHP Chris Bryant
|
Batting: SHB Toby Patenaude
|
0-0: Ball 1-0: Ball 2-0: SOLO HOME RUN (Flyball, 89XD, EV 105.0 MPH), Distance : 413 ft
|
Batting: RHB Brandon Williams
|
0-0: Ball 1-0: Ball 2-0: Called Strike 2-1: Foul Ball, location: 2F 2-2: Foul Ball, location: 2F 2-2: Foul Ball, location: 2F 2-2: Foul Ball, location: 2F 2-2: Ball 3-2: SINGLE (Line Drive, 4MD, EV 95.6 MPH)
|
Batting: RHB Cedric Nicholls
|
0-0: Ball 1-0: Ball 2-0: Ball 3-0: Base on Balls Brandon Williams to second
|
Pitching: RHP Alex Roman
|
|
Batting: RHB Tom Bergman
|
0-0: Fly out, F7 (Flyball, 7D, EV 91.9 MPH)
|
Batting: LHB Edwin Esparza
|
0-0: Ball 1-0: Called Strike 1-1: Called Strike 1-2: Ball 2-2: Ball 3-2: Strikes out swinging
|
Batting: SHB Miguel Sano Jr.
|
0-0: Ball 1-0: Called Strike 1-1: Ground out 4-3 (Groundball, 34, EV 108.1 MPH)
|
Top of the 7th over - 1 run, 2 hits, 0 errors, 2 left on base; Bluefield 2 - Pulaski 0 |
BOTTOM OF THE 7TH |
Pulaski Yankees batting - Pitching for Bluefield Blue Jays : RHP Bradley Carriere
|
Batting: RHB Jonathan Feldstein
|
0-0: Ball 1-0: Fly out, F4 (Popup, 4, EV 58.1 MPH)
|
Batting: RHB Bailey Hays
|
0-0: Ball 1-0: Ground out 1-3 (Groundball, 13S, EV 73.8 MPH)
|
Batting: RHB Scott Cuff
|
0-0: Called Strike 0-1: Swinging Strike 0-2: Ball 1-2: Foul Ball, location: 2F 1-2: Strikes out swinging
|
Bottom of the 7th over - 0 runs, 0 hits, 0 errors, 0 left on base; Bluefield 2 - Pulaski 0 |
TOP OF THE 8TH |
Bluefield Blue Jays batting - Pitching for Pulaski Yankees : RHP Alex Roman
|
Batting: RHB Jerry Perez
|
0-0: Fly out, F7 (Flyball, 7S, EV 86.9 MPH)
|
Batting: LHB Jessie Stewart
|
0-0: Called Strike 0-1: Ground out 6-3 (Groundball, 6, EV 107.5 MPH)
|
Batting: RHB Mark Noftall
|
0-0: Ball 1-0: Ball 2-0: Called Strike 2-1: Foul Ball, location: 2F 2-2: Ball 3-2: Foul Ball, location: 2F 3-2: Ground out 3-1 (Groundball, 34, EV 100.0 MPH)
|
Top of the 8th over - 0 runs, 0 hits, 0 errors, 0 left on base; Bluefield 2 - Pulaski 0 |
BOTTOM OF THE 8TH |
Pulaski Yankees batting - Pitching for Bluefield Blue Jays : RHP Bradley Carriere
|
Batting: RHB Mustafa bin Gamali
|
0-0: Ground out 1-3 (Groundball, 15S, EV 66.9 MPH)
|
Pitching: LHP Matt Ray
|
|
Batting: RHB Juan Perez
|
0-0: Called Strike 0-1: Foul Ball, location: 2F 0-2: Strikes out swinging
|
Batting: RHB Jim O'Dwyer
|
0-0: Called Strike 0-1: Fly out, F9 (Flyball, 89S, EV 98.1 MPH)
|
Bottom of the 8th over - 0 runs, 0 hits, 0 errors, 0 left on base; Bluefield 2 - Pulaski 0 |
TOP OF THE 9TH |
Bluefield Blue Jays batting - Pitching for Pulaski Yankees : RHP Alex Roman
|
Pitching: RHP Zack Young
|
|
Batting: SHB Toby Patenaude
|
0-0: Called Strike 0-1: Ball 1-1: Called Strike 1-2: Ball 2-2: Fly out, F8 (Flyball, 8LS, EV 81.9 MPH)
|
Batting: RHB Brandon Williams
|
0-0: Ball 1-0: Foul Ball, location: 2F 1-1: Foul Ball, location: 2F 1-2: Ground out 6-3 (Groundball, 6, EV 108.8 MPH)
|
Batting: RHB Cedric Nicholls
|
0-0: Ball 1-0: Called Strike 1-1: Ball 2-1: Called Strike 2-2: Strikes out swinging
|
Top of the 9th over - 0 runs, 0 hits, 0 errors, 0 left on base; Bluefield 2 - Pulaski 0 |
BOTTOM OF THE 9TH |
Pulaski Yankees batting - Pitching for Bluefield Blue Jays : LHP Matt Ray
|
Pitching: LHP Jim Sabin
|
|
Batting: RHB Ken Stair
|
0-0: Swinging Strike 0-1: Ball 1-1: Called Strike 1-2: DOUBLE (Flyball, 8LXD, EV 113.1 MPH)
|
Batting: RHB Paul Ngumi
|
0-0: Ball 1-0: Foul Ball, location: 2F 1-1: Ball 2-1: Foul Ball, location: 2F 2-2: SINGLE (Groundball, P, EV 89.4 MPH) (infield hit) Ken Stair to third
|
Pinch Hitting: RHB Yasuoka Tsuda
|
0-0: Ball 1-0: Ball 2-0: Foul Ball, location: 2F 2-1: Ground out 4-3 (Groundball, 4S, EV 68.8 MPH) Ken Stair scores Paul Ngumi to second
|
Pinch Hitting: LHB Victor Reyna
|
0-0: Ball 1-0: Ball 2-0: Swinging Strike 2-1: Ground out U3 (Groundball, 3S, EV 86.2 MPH) Paul Ngumi to third
|
Pitching: RHP Jason Hanson
|
|
Pinch Hitting: LHB Chris Viehman
|
0-0: Called Strike 0-1: Called Strike 0-2: Ball 1-2: Ball 2-2: Strikes out swinging
|
Bottom of the 9th over - 1 run, 2 hits, 0 errors, 1 left on base; Bluefield 2 - Pulaski 1 |
|